 Dungeon Crawl Stone Soup version 0.28.0-53-g5a82cb258f (webtiles) character file.

Game seed: 14093475405350243075

2937 Stomo the Shield-Bearer (level 9, -4/48 HPs)
             Began as a Vine Stalker Fighter on July 2, 2022.
             Was an Initiate of Okawaru.
             Killed from afar by a steam dragon (15 damage)
             ... with a ball of steam
             ... on level 7 of the Dungeon.
             The game lasted 00:11:55 (5491 turns).

Stomo the Shield-Bearer (Vine Stalker Fighter)      Turns: 5491, Time: 00:11:56

Health: -4/48      AC: 15    Str: 24    XL:     9   Next: 80%
Magic:  0/10       EV: 10    Int: 14    God:    Okawaru [......]
Gold:   366        SH:  9    Dex: 13    Spells: 8/8 levels left

rFire   . . .      SeeInvis .   a - +0 flail (flame)
rCold   . . .      Faith    .   f - +0 kite shield
rNeg    . . .      Spirit   +   n - +5 scale mail
rPois   .          Reflect  .   s - +0 helmet
rElec   .          Harm     .   (no cloak)
rCorr   .          Rampage  .   g - +0 pair of gloves
Will    +....                   (no boots)
Stlth   ..........              (no amulet)
HPRegen 0.96/turn               v - +4 ring of slaying
MPRegen 0.12/turn               p - +6 ring of intelligence

@: no status effects
A: fangs 3, regeneration 1, magic shield, antimagic bite, no potion heal 2
a: Renounce Religion


You were on level 7 of the Dungeon.
You worshipped Okawaru.
Okawaru was noncommittal.
You visited 2 branches of the dungeon, and saw 8 of its levels.

You collected 366 gold pieces.

Inventory:

Hand Weapons
 a - a +0 flail of flaming (weapon)
Missiles
 d - 3 throwing nets (quivered)
Armour
 b - a +0 scale mail
 c - a +0 buckler
 f - a +0 kite shield (worn)
 g - a +0 pair of gloves (worn)
 n - a +5 scale mail (worn)
 s - a +0 helmet (worn)
 u - the +1 leather armour "Couseimi" {rN+ Dex-2 Slay+3}
   (You found it on level 4 of the Dungeon)

   Dex:       It affects your dexterity (-2).
   Slay:      It affects your accuracy & damage with ranged weapons and melee
   (+3).
   rN:        It protects you from negative energy.
 z - +0 steam dragon scales
Jewellery
 p - a +6 ring of intelligence (right hand)
 r - an amulet of faith
 v - a +4 ring of slaying (left hand)
Wands
 q - a wand of iceblast (8)
Scrolls
 h - a scroll of brand weapon
 i - 4 scrolls of teleportation
 k - 3 scrolls of identify
 l - 2 scrolls of magic mapping
 o - 2 scrolls of noise
 x - a scroll of fog
 y - a scroll of vulnerability {unknown}
Potions
 e - 2 potions of curing
 j - 3 potions of heal wounds {unknown}
 m - a potion of lignification {unknown}
 t - a potion of degeneration {unknown}
 w - a potion of brilliance


   Skills:
 + Level 6.0 Fighting
 + Level 5.6 Maces & Flails
 + Level 5.5 Armour
 + Level 4.7 Dodging
 + Level 6.0 Shields


You had 8 spell levels left.
You didn't know any spells.
Your spell library contained the following spells:

 Spells                   Type           Power      Damage    Failure   Level
 Sandblast                Erth           0%         2d4       88%         1
 Sting                    Tmut/Pois      0%         1d3       88%         1
 Blink                    Tloc           0%         N/A       95%         2
 Passwall                 Tmut/Erth      0%         N/A       95%         2
 Poisonous Vapours        Pois/Air       0%         N/A       95%         2
 Conjure Flame            Conj/Fire      0%         6-21      99%         3
 Ignite Poison            Fire/Tmut/Pois 0%         N/A       99%         3
 Stone Arrow              Conj/Erth      0%         3d7       99%         3
 Olgreb's Toxic Radiance  Pois           0%         N/A       100%        4
 Sticky Flame             Conj/Fire      0%         2d3       100%        4
 Manifold Assault         Tloc           0%         N/A       100%        5
 Storm Form               Tmut/Air       0%         N/A       100%        7


Dungeon Overview and Level Annotations

Branches:
Dungeon (8/15)             Temple (1/1) D:7
   Lair: D:8-11

Altars:
Ashenzari
Cheibriados
Dithmenos
Elyvilon
Fedhas
Hepliaklqana
Kikubaaqudgha
Nemelex Xobeh
Okawaru
Sif Muna
Trog
Uskayaw
Vehumet
Wu Jian
Yredelemnul
The Shining One

Shops:
D:8 (

Annotations:
D:7 Psyche


Innate Abilities, Weirdness & Mutations

You have razor-sharp teeth.
Your natural rate of healing is unusually fast.
When hurt, damage is shared between your health and your magic reserves.
Your bite disrupts and absorbs the magic of your enemies.
Potions cannot restore your health.


Message History

You feel sick.
You are no longer poisoned.
The wolf bites you.
* * * LOW HITPOINT WARNING * * *
The wolf misses you. You block the wolf's attack.
The wolf bites you but does no damage.
You miss the wolf.
The wolf is moderately wounded.
You block the wolf's attack. The wolf bites you.
* * * LOW HITPOINT WARNING * * *
You block the wolf's attack.
The sky beast flickers out of sight!
Deactivating autopickup; reactivate with Ctrl-A.
Unknown command.
You closely miss the wolf.
The wolf is moderately wounded.
The wolf bites you.
* * * LOW HITPOINT WARNING * * *
The wolf bites you.
* * * LOW HITPOINT WARNING * * *
The wolf bites you but does no damage. You block the wolf's attack.
Psyche miscasts a cantrip.
The wolf misses you.
A sky beast appears from thin air!
Reactivating autopickup.
The wolf bites you.
* * * LOW HITPOINT WARNING * * *
Psyche miscasts a cantrip.
The wolf bites you but does no damage.
Psyche mumbles some strange words.
A swirling arc of seething chaos appears!
The arc of chaos hits the steam dragon.
The steam dragon is poisoned.
The wolf bites you but does no damage. You block the wolf's attack.
The wolf bites you but does no damage. The wolf bites you.
* * * LOW HITPOINT WARNING * * *
You block the wolf's attack. The steam dragon breathes steam at you.
The ball of steam hits you!!
You die...

#(.# ##...).... ##.# #........
#.## ##...##.. ####..# #######.
####.....## ##. ###.........#
### ##.. ##...........# ##.##
######..#
#......)...#.###...#####........
#.).......##..#@................
#........###..§h......#####.....
#........# ##§.Y....### #......
#......### #.§......######......
######## ##D...................
##.@.......##..≈...≈...
#..#.......##...≈......
####.##.......##..≈.≈....<
#....###......###.......##


You could see Psyche, a steam dragon (poisoned, catching breath), a sky beast
and a wolf (fast).

Vanquished Creatures
  Harold (D:7)
  Maggie (D:7)
  A steam dragon (D:7)
  A black bear (D:4)
  An orc warrior (D:6)
  4 sky beasts
  An ice beast (D:6)
  A necrophage (D:7)
  A hornet zombie (D:3)
  A centaur (D:6)
  A gnoll sergeant (D:6)
  2 bullfrogs (D:7)
  2 scorpions (D:6)
  3 wights (D:6)
  3 hounds
  2 orc priests
  A gnoll shaman (D:6)
  A bullfrog skeleton (D:7)
  Ijyb (D:3)
  Terence (D:2)
  An orc wizard (D:3)
  9 adders
  13 gnolls (D:6)
  A shadow imp (D:7)
  3 white imps
  An adder skeleton (D:4)
  2 worms (D:2)
  2 dart slugs
  13 orcs
  3 ball pythons
  4 endoplasms
  2 giant cockroaches
  5 goblins (D:1)
  3 hobgoblins
  3 jackals (D:2)
  5 kobolds
  2 quokkas (D:2)
  6 bats
  6 frilled lizards
  8 rats
122 creatures vanquished.

Vanquished Creatures (others)
  A sky beast (D:8)
1 creature vanquished.

Grand Total: 123 creatures vanquished

Notes
Turn   | Place    | Note
-------+----------+-------------------------------------------
     0 | D:1      | Stomo the Vine Stalker Fighter began the quest for the Orb.
     0 | D:1      | Reached XP level 1. HP: 11/11 MP: 2/2
   155 | D:1      | Reached XP level 2. HP: 16/16 MP: 3/3
   423 | D:1      | Found a faded altar of an unknown god.
   962 | D:2      | Reached XP level 3. HP: 19/19 MP: 4/4
  1228 | D:2      | Reached skill level 1 in Dodging
  1271 | D:2      | Noticed Terence
  1559 | D:2      | Killed Terence
  1560 | D:2      | Gained mutation: Your natural rate of healing is unusually
                  | fast. [Vine Stalker growth]
  1560 | D:2      | Reached XP level 4. HP: 12/24 MP: 3/5
  2111 | D:3      | Reached XP level 5. HP: 21/28 MP: 6/6
  2278 | D:3      | Noticed Ijyb
  2523 | D:3      | Killed Ijyb
  2531 | D:3      | Reached XP level 6. HP: 32/32 MP: 7/7
  2794 | D:4      | Noticed a black bear
  2810 | D:4      | Killed a black bear
  2880 | D:4      | Identified the +1 leather armour "Couseimi" {rN+ Dex-2
                  | Slay+3}
  2966 | D:4      | Reached XP level 7. HP: 37/37 MP: 8/8
  3178 | D:4      | You fall into a shaft and drop 3 floors!
  3258 | D:7      | Noticed Harold
  3365 | D:7      | Noticed Maggie
  3423 | D:7      | HP: 1/37 [Harold/+0 scimitar (8)]
  3424 | D:7      | Killed Harold
  3425 | D:7      | Gained mutation: You have razor-sharp teeth. [Vine Stalker
                  | growth]
  3425 | D:7      | Reached XP level 8. HP: 2/42 MP: 2/9
  3447 | D:7      | HP: 2/42 [Maggie/+0 halberd (8)]
  3449 | D:7      | Killed Maggie
  3450 | D:7      | Reached skill level 5 in Fighting
  3450 | D:7      | Reached skill level 5 in Shields
  3663 | D:6      | Reached XP level 9. HP: 46/47 MP: 10/10
  3795 | D:6      | Reached skill level 5 in Maces & Flails
  3829 | D:6      | Reached skill level 5 in Armour
  4248 | D:7      | Found a staircase to the Ecumenical Temple.
  4323 | Temple   | Entered the Ecumenical Temple
  4533 | Temple   | Became a worshipper of Warmaster Okawaru
  4821 | D:7      | Identified the +7 rapier of Blood-Lust {flame, rF+ rC+}
  5282 | D:8      | Found Ceceng's Antique Weapon Shoppe.
  5338 | D:8      | Noticed Psyche
  5491 | D:7      | Killed from afar by a steam dragon

Illustrated notes

Levels and vault maps discovered:
D:1:      amcnicky_arrival_flooded_fountain, layout_basic,
          shapermc_ecumenical_altar_hornbeckon
D:2:      layout_loops_corners, st_stairs_7, minmay_pentomino_o4, uniq_terence
D:3:      layout_rooms, uniq_ijyb
D:4:      layout_loops_ring, chequers_jeans, kennysheep_orc_chapel
D:6:      layout_rooms
D:7:      layout_cave_pods, minmay_temple_entry_overgrown,
          chequers_serial_rivers_micro_c, uniq_maggie, uniq_harold
D:8:      layout_basic, serial_shops, shop, nicolae_shop_trees,
          nicolae_stop_n_shop_2, nicolae_stop_n_shop_1, enter_bailey_5,
          uniq_psyche, uniq_maurice, uniq_grum
Temple:   regret_index_temple_sphere_string

Skill      XL: |  1  2  3  4  5  6  7  8  9 |
---------------+----------------------------+-----
Maces & Flails | 2 3 4 5 |  5.6
Shields        | 3 4 5 6 |  6.0
Fighting       | 3 4 5 6 |  6.0
Dodging        | 1 2 3 4 |  4.7
Armour         | 3 4 5 |  5.5

Action                   |  1- 3 |  4- 6 |  7- 9 || total
-------------------------+-------+-------+-------++-------
Melee: Flail             |    72 |   146 |   255 ||   473
       Bite              |    17 |    27 |    76 ||   120
       Unarmed           |       |       |     2 ||     2
  Use: Scroll            |     3 |       |     6 ||     9
       Potion            |       |       |     2 ||     2
 Stab: Invisible         |       |       |     1 ||     1
Armor: Scale mail        |    22 |    92 |   132 ||   246
       Skin              |       |       |     2 ||     2
Dodge: Dodged            |    33 |    75 |   143 ||   251
Block: Buckler           |    17 |    26 |    11 ||    54
       Kite shield       |       |       |   154 ||   154
